 Dungeon Crawl Stone Soup version 0.20.0-4-g10b340a (webtiles) character file.

62 McKennaii the Covered (level 4, -2/37 HPs)
             Began as a Barachi Fighter on May 28, 2017.
             Slain by Anhonime's ghost (8 damage)
             ... on level 3 of the Dungeon.
             The game lasted 00:02:52 (1971 turns).

McKennaii the Covered (Barachi Fighter)             Turns: 1971, Time: 00:02:53

Health: -2/37      AC:  7    Str: 18    XL:     4   Next: 8%
Magic:  4/4        EV:  7    Int:  8    God:
Gold:   161        SH:  9    Dex: 12    Spells: 3/3 levels left

rFire    . . .     SeeInvis .   a - +0 long sword
rCold    . . .     Gourm    .   c - +0 shield
rNeg     . . .     Faith    .   b - +0 scale mail
rPois    .         Spirit   .   (no helmet)
rElec    .         Reflect  .   (no cloak)
rCorr    .         Harm     .   (no gloves)
MR       .....                  (no boots)
Stlth    ..........             (no amulet)
Regen    0.2/turn               (no ring)
MPRegen  0.1/turn               (no ring)

@: slow
A: +LOS, swims, slowness 1, strong legs 1
a: Hop


You were on level 3 of the Dungeon.
You were hungry.

You visited 1 branch of the dungeon, and saw 3 of its levels.

You collected 161 gold pieces.

Inventory:

Hand Weapons
 a - a +0 long sword (weapon)
Armour
 b - a +0 scale mail (worn)
 c - a +0 shield (worn)
Jewellery
 m - an uncursed amulet of the gourmand {unknown}
Wands
 n - a wand of lightning (12/15)
Scrolls
 g - a scroll of enchant weapon {unknown}
 h - 2 scrolls of fear {unknown}
 i - a scroll of magic mapping {unknown}
 k - 2 scrolls of blinking {unknown}
 l - 2 scrolls of remove curse {unknown}
 o - 2 scrolls of identify {unknown}
 p - a scroll of enchant armour {unknown}
 r - a scroll of fog {unknown}
Potions
 d - 2 potions of might
 e - 3 potions of lignification {unknown}
Comestibles
 f - 4 bread rations
 j - a meat ration
 q - 3 fruits


   Skills:
 + Level 4.1 Fighting
 + Level 3.2 Long Blades
 + Level 4.4 Armour
 + Level 0.4 Dodging
 + Level 0.4 Stealth
 + Level 3.7 Shields


You had 3 spell levels left.
You didn't know any spells.

Dungeon Overview and Level Annotations

Branches:
Dungeon (3/15)

Altars:

Annotations:
D:3 Anhonime's ghost, weakling TrBe


Innate Abilities, Weirdness & Mutations

Shadows flee at your approach. (+LOS)
You can swim through water.
You cover ground slowly.
You can hop short distances.


Message History

Anhonime's ghost barely misses you. You block Anhonime's ghost's attack.
Your shield prevents you from hitting Anhonime's ghost.
Anhonime's ghost is heavily damaged.
You block Anhonime's ghost's attack.
You barely miss Anhonime's ghost.
Anhonime's ghost is heavily damaged.
Anhonime's ghost hits you.
You hit Anhonime's ghost but do no damage.
Anhonime's ghost is heavily damaged.
Anhonime's ghost hits you.
* * * LOW HITPOINT WARNING * * *
Anhonime's ghost hits you but does no damage.
You hit Anhonime's ghost but do no damage.
Anhonime's ghost is heavily damaged.
Anhonime's ghost hits you but does no damage.
You hit Anhonime's ghost but do no damage.
Anhonime's ghost is heavily damaged.
Anhonime's ghost says, "What do you have that I didn't have?"
Anhonime's ghost hits you!
You die...

#.######...######.......
.#......#................
.......................>.
.######.#...#####......##
....[.......##.####.#
#####....#.##.##<# #.#
#........#.......# #.#
#.###....W.#..####.####.##
#.....<..@.#..............
#######.#.###.####.####'##
...#.................
..########..####.......
... #...# #....... ..
#...# #.......
#...#######.## ##......#
#.# #......# #.#


You could see Anhonime's ghost.

Vanquished Creatures
  2 adders (D:2)
  2 worms (D:2)
  An orc (D:3)
  8 bats
  3 giant cockroaches
  3 hobgoblins
  6 kobolds (D:2)
  A quokka (D:2)
  4 frilled lizards (D:2)
  5 goblins
  3 rats
38 creatures vanquished.

Notes
Turn   | Place    | Note
-------+----------+-------------------------------------------
     0 | D:1      | McKennaii the Barachi Fighter began the quest for the Orb.
     0 | D:1      | Reached XP level 1. HP: 18/18 MP: 1/1
     7 | D:1      | Noticed a water moccasin
     7 | D:1      | Noticed an iguana
     7 | D:1      | Noticed a redback
     7 | D:1      | Noticed a rime drake
   400 | D:1      | Reached XP level 2. HP: 25/25 MP: 2/2
   696 | D:2      | Reached XP level 3. HP: 22/30 MP: 3/3
  1464 | D:3      | Noticed Anhonime's ghost (weakling TrBe)
  1541 | D:2      | Reached XP level 4. HP: 13/37 MP: 4/4
  1971 | D:3      | Slain by Anhonime's ghost

Skill      XL: |  1  2  3 |
---------------+----------+-----
Armour         | 4 |  4.4
Long Blades    | 3 |  3.2
Fighting       | 4 |  4.1
Dodging        | |  0.4
Stealth        | |  0.4
Shields        | |  3.7

Action                   |  1- 3 |  4- 6 || total
-------------------------+-------+-------++-------
Melee: Long sword        |   126 |    25 ||   151
  Eat: Fruit             |     2 |       ||     2
       Chunk             |       |     2 ||     2
Armor: Scale mail        |    80 |     7 ||    87
Dodge: Dodged            |    35 |     7 ||    42
Block: Shield            |    84 |     9 ||    93
       Rpst.: Long sword |    17 |     1 ||    18
